 Dungeon Crawl Stone Soup version 0.27-a0-156-gbcd94eb011 (webtiles) character file.

Game seed: 2237988877914695044

16 gimp the Skirmisher (level 2, -5/25 HPs)
             Began as a Demigod Wanderer on Jan 27, 2021.
             Slain by Terence
             ... wielding a +4 falchion of electrocution
              (8 damage)
             ... on level 2 of the Dungeon.
             The game lasted 00:00:45 (851 turns).

gimp the Skirmisher (Demigod Wanderer)               Turns: 851, Time: 00:00:46

Health: -5/25      AC:  9    Str: 15    XL:     2   Next: 27%
Magic:  4/4        EV:  9    Int: 16    God:
Gold:   39         SH:  0    Dex: 15    Spells: 1/1 levels left

rFire    . . .     SeeInvis .   a - +0 short sword
rCold    . . .     Faith    .   (no shield)
rNeg     . . .     Spirit   .   b - +2 scale mail
rPois    .         Reflect  .   (no helmet)
rElec    .         Harm     .   (no cloak)
rCorr    .         Rampage  .   g - +0 pair of gloves
Will     .....                  (no boots)
Stlth    ..........             (no amulet)
HPRegen  0.08/turn              (no ring)
MPRegen  0.09/turn              (no ring)

@: no status effects
A: high mp 1
a: no special abilities


You were on level 2 of the Dungeon.
You visited 1 branch of the dungeon, and saw 2 of its levels.

You collected 39 gold pieces.

Inventory:

Hand Weapons
 a - a +0 short sword (weapon)
Armour
 b - a +2 scale mail (worn)
 g - a +0 pair of gloves (worn)
Scrolls
 e - a scroll of enchant armour {unknown}
 f - a scroll of fear {unknown}
 h - a scroll of teleportation {unknown}
Potions
 c - a potion of curing
 d - a potion of haste {unknown}


   Skills:
 + Level 2.8 Fighting
 - Level 1.0 Short Blades
 - Level 1.0 Bows
 - Level 2.6 Armour
 - Level 1.0 Dodging
 - Level 1.0 Stealth
 - Level 1.0 Evocations


You had one spell level left.
You didn't know any spells.
Your spell library was empty.

Dungeon Overview and Level Annotations

Branches:
Dungeon (2/15)

Annotations:
D:2 Terence


Innate Abilities, Weirdness & Mutations

You have an increased reservoir of magic. (+10% MP)


Message History

The jackal bites you. Terence hits you but does no damage.
You are electrocuted!
Ouch! That really hurt!
* * * LOW HITPOINT WARNING * * *
You take 17 damage, and have 5/25 hp.
MASSIVE DAMAGE!!
You closely miss Terence. The jackal closely misses you. The jackal bites you.
* * * LOW HITPOINT WARNING * * *
A worm comes into view.
The jackal barely misses you. Terence closely misses you.
The jackal bites you but does no damage.
You take 1 damage, and have 4/25 hp.
The jackal bites you but does no damage.
The jackal bites you.
* * * LOW HITPOINT WARNING * * *
There is a stone staircase leading up here.
You take 1 damage, and have 3/25 hp.
The jackal bites you but does no damage.
The jackal barely misses you. Terence hits you but does no damage.
You are electrocuted!
You die...

#.........#
.##......)..#
...........#
#.........#
.##.$.....$.###
..............#
............#
#....@h..##
...##..@h...#
###.###.# #.. #
.#.# #. w# ##
.. ##


You could see Terence, a worm and 2 jackals.

Vanquished Creatures
  A dart slug (D:1)
  4 bats (D:1)
  A giant cockroach (D:1)
  A hobgoblin (D:1)
  A jackal (D:2)
  A frilled lizard (D:1)
  4 kobolds (D:1)
  2 rats (D:1)
15 creatures vanquished.

Notes
Turn   | Place    | Note
-------+----------+-------------------------------------------
     0 | D:1      | gimp the Demigod Wanderer began the quest for the Orb.
     0 | D:1      | gimp set off with the following items: a +0 short sword, a
                  | +2 scale mail, a potion of curing
     0 | D:1      | Reached XP level 1. HP: 17/17 MP: 3/3
   276 | D:1      | Reached XP level 2. HP: 21/25 MP: 4/4
   846 | D:2      | Noticed Terence
   851 | D:2      | Slain by Terence

Illustrated notes

Levels and vault maps discovered:
D:1:      dpeg_arrival_rooms_c, layout_basic, minmay_large_rounded_square
D:2:      layout_rooms, marbit_many_paths, uniq_terence

Skill      XL: |  1 |
---------------+----+-----
Fighting       | 2 |  2.8
Short Blades   | |  1.0
Bows           | |  1.0
Armour         | |  2.6
Dodging        | |  1.0
Stealth        | |  1.0
Evocations     | |  1.0

Action                   || total
-------------------------++-------
Melee: Short sword       ||    55
Armor: Scale mail        ||    46
Dodge: Dodged            ||    41

Table legend: (Time is in decaauts)
 A = Elapsed time spent in this place.
 B = Non-inter-level travel time spent in this place.
 C = Inter-level travel time spent in this place.
 D = Time resting spent in this place.
 E = Time spent auto-exploring this place.
 F = Levels seen in this place.
 G = Mean time per level.
                   A        B        C        D        E       F      G
               +--------+--------+--------+--------+--------+-----+--------+
         Total |    853 |    835 |     18 |      0 |    711 |   2 |  426.5 |
       Dungeon |    853 |    835 |     18 |      0 |    711 |   2 |  426.5 |
               +--------+--------+--------+--------+--------+-----+--------+

Top non-repeatable levels by time:
     D:1: 844 daAuts
     D:2: 9 daAuts
